Cogmind - Beta 13 @@@ ROGUE MODE // 2024.03.31 @ 18:23:22 Player: opdo Result: Destroyed by B-36 Bruiser with Hammer Performance ------------- Evolutions (1) 500 Regions Visited (3) 600 Robots Destroyed (20) 100 Value Destroyed (370) 370 Prototype IDs (2) 40 Alien Tech Used (0) 0 Bonus (200) 200 TOTAL SCORE: 1810 Bonus ------- Pacifist 200 Cogmind --------- Core Integrity 0/400 Matter 285/300 Energy 96/100 System Corruption 0% Temperature Cool (0) Movement Walking (120) Location -9/Materials Parts ------- > --- POWER (1) -------- (None) > --- PROPULSION (2) --- Aluminum Leg VTOL Module > --- UTILITY (4) ------ Small Storage Unit Weight Redist. System Signal Interpreter Light Armor Plating > --- WEAPON (2) ------- Hammer Mining Claw > --- INVENTORY (8) ---- Flexi-carbon Leg Huge Storage Unit Light Assault Rifle Improved Assault Rifle Rocket Launcher Mining Claw Mining Claw Peak State ------------ > --- POWER ------------ Light Ion Engine > --- PROPULSION ------- Aluminum Leg VTOL Module > --- UTILITY ---------- Small Storage Unit Weight Redist. System Signal Interpreter Light Armor Plating > --- WEAPON ----------- Hammer Mining Claw > --- INVENTORY -------- Flexi-carbon Leg Huge Storage Unit Improved Medium Laser Light Assault Rifle Improved Assault Rifle Rocket Launcher Mining Claw [Rating: 12] Favorites ----------- Power Light Ion Engine Engine Light Ion Engine Propulsion Aluminum Leg Leg Aluminum Leg Flight Unit VTOL Module Utility Small Storage Unit Device Structural Scanner Storage Small Storage Unit Processor Signal Interpreter Protection Light Armor Plating Weapon Hammer Energy Gun Medium Laser Ballistic Gun Assault Rifle Launcher Rocket Launcher Impact Weapon Hammer Slashing Weapon Mining Claw Build | -11 -10 -10 -9 ------- Run | Yrd Mat Min Mat Slots Evolved 2 | . . . 2 Power . | . . . . Propulsion . | . . . . Utility 2 | . . . 2 Weapon . | . . . . Parts Attached 25 | 7 . . 18 Power 3 | 1 . . 2 Engine 3 | 1 . . 2 Core . | . . . . Reactor . | . . . . Propulsion 6 | 2 . . 4 Treads . | . . . . Leg 4 | 2 . . 2 Wheel . | . . . . Hover . | . . . . Flight 2 | . . . 2 Utility 7 | 1 . . 6 Device 2 | . . . 2 Storage 3 | 1 . . 2 Processor 1 | . . . 1 Hackware . | . . . . Protection 1 | . . . 1 Artifact . | . . . . Weapon 9 | 3 . . 6 Energy Gun 1 | 1 . . . Energy Cannon . | . . . . Ballistic Gun 3 | 2 . . 1 Ballistic Cannon . | . . . . Launcher 1 | . . . 1 Special Weapon . | . . . . Impact Weapon 1 | . . . 1 Slashing Weapon 3 | . . . 3 Piercing Weapon . | . . . . Special Melee Weapon . | . . . . Unidentified Prototypes 2 | . . . 2 Parts Lost 8 | . . . 8 Power 3 | . . . 3 Propulsion 3 | . . . 3 Utility . | . . . . Weapon 2 | . . . 2 Highest Loss Streak 3 | . . . 3 To Critical Strikes . | . . . . Average Slot Usage (%) 83 | . 85 85 83 Engine 10 | . 14 14 9 Leg 14 | . 28 28 11 Flight 6 | . . . 7 Device 4 | . . . 5 Storage 11 | . 14 14 11 Processor 8 | . . . 10 Protection 4 | . . . 5 Ballistic Gun 8 | . 28 28 4 Launcher 2 | . . . 3 Impact Weapon 5 | . . . 6 Slashing Weapon 5 | . . . 6 Naked Turns . | . . . . Heaviest Build 17 | 11 11 11 17 Greatest Support 20 | 20 20 20 20 Greatest Overweight (x) 4 | . . . 4 Average Overweight (x) . | . . . . Largest Inventory Capacity 25 | 8 8 8 25 Average Capacity 7 | 6 8 8 8 Most Carried 8 | 4 5 8 8 Average Carried 6 | 1 3 6 7 Final Capacity 8 | 8 8 8 8 Final Carried 7 | 2 5 7 7 Class Distribution -------------------- 93% | Mutant 6% | Scavenger-Mutant Dominant Class ---------------- Mutant | -10/Materials Mutant | -10/Mines Mutant | -9/Materials Resources | -11 -10 -10 -9 ----------- Run | Yrd Mat Min Mat Matter Collected 489 | 220 . 32 237 Remotely . | . . . . Salvage Created 623 | . . . 623 Parts 29 | . . . 29 Haulers Intercepted 2 | . . . 2 Recyclers Shooed . | . . . . Parts Field Recycled . | . . . . Retrieved Matter . | . . . . Parts Self-Destructed . | . . . . Prevented . | . . . . Kills | -11 -10 -10 -9 ------- Run | Yrd Mat Min Mat Combat Hostiles Destroyed 16 | . . 1 15 Melee 9 | . . . 9 Guns 3 | . . 1 2 AOE 4 | . . . 4 Classes Destroyed 8 | . . 1 7 Worker 1 | . . . 1 Hauler 2 | . . . 2 Recycler 2 | . . . 2 Swarmer 8 | . . . 8 Grunt 4 | . . . 4 Duelist 1 | . . . 1 Sentry 2 | . . . 2 Assembled 1 | . . 1 . Best Kill Streak 6 | . . 1 6 Combat Bots Only 6 | . . 1 6 Max Kills in Single Turn 2 | . . 1 2 Gunslinging . | . . . . Exploded 2 | . . . 2 Melee 1 | . . . 1 Uniques/NPCs Destroyed . | . . . . Combat | -11 -10 -10 -9 -------- Run | Yrd Mat Min Mat Hostile Shots Fired 119 | . . 3 116 Missed 27 | . . 1 26 Damage Taken 1328 | . . 240 1088 Core 466 | . . 65 401 Absorbed by Shields . | . . . . Core Remaining (%) 87 | 100 . 74 . Volleys Fired 12 | . 2 2 8 Largest 2 | . 2 2 2 Hottest 53 | . 40 40 53 Shots Fired 22 | . 4 4 14 Gun 19 | . 4 4 11 Cannon . | . . . . Launcher 3 | . . . 3 Special . | . . . . Kinetic 19 | . 4 4 11 Thermal . | . . . . Explosive 3 | . . . 3 Electromagnetic . | . . . . Robot Hit Streak 5 | . 1 4 5 Robot Miss Streak 1 | . 1 . 1 Penetration Max . | . . . . Secondary Targets 2 | . . . 2 Max Gunslinging Chain 1 | . . . 1 Shots Hit Robots 52 | . 2 3 47 Core Hits 19 | . 1 2 16 Critical Kills 1 | . . . 1 Critical Parts Destroyed 1 | . . . 1 Critical Strikes 2 | . . . 2 Smash 2 | . . . 2 Melee Attacks 46 | . . . 46 Impact 36 | . . . 36 Slashing 10 | . . . 10 Piercing . | . . . . Sneak Attacks 7 | . . . 7 Combat Hostiles . | . . . . Follow-up Attacks 7 | . . . 7 Damage Inflicted 1569 | . 14 31 1524 Guns 137 | . 14 31 92 Cannons . | . . . . Explosions 387 | . . . 387 Melee 1045 | . . . 1045 Ramming . | . . . . Kinetic 137 | . 14 31 92 Thermal . | . . . . Explosive 387 | . . . 387 Electromagnetic . | . . . . Impact 818 | . . . 818 Slashing 227 | . . . 227 Piercing . | . . . . Highest Corruption 4 | . . 4 . Average Corruption 4 | . . 4 . Corruption Purged . | . . . . Corruption Blocked . | . . . . Effects 1 | . . 1 . Matter Fused 1 | . . 1 . Overload Shots . | . . . . Overflow Damage 182 | . . . 182 Projectiles . | . . . . Explosions 37 | . . . 37 Melee 145 | . . . 145 Knockbacks 1 | . . . 1 Impact 1 | . . . 1 Kinetic . | . . . . Secondary . | . . . . Self-Inflicted Damage 57 | . . . 57 Shots 2 | . . . 2 Rammed . | . . . . Targets Rammed . | . . . . Kicked . | . . . . Crushed . | . . . . Highest Temperature 9 | . . 2 9 Average Temperature 3 | . . 2 9 Received Heat Transfer 319 | . . 40 279 Siege Activations . | . . . . Robots Corrupted . | . . . . Combat Hostiles . | . . . . Parts Fried 5 | . . . 5 Impact Corruptions 11 | . . . 11 Robots Melted . | . . . . Combat Hostiles . | . . . . Parts Melted . | . . . . Heat Transferred . | . . . . Parts Sabotaged . | . . . . Parts Stolen . | . . . . Parts Stripped . | . . . . Power Chain Reactions . | . . . . Alert | -11 -10 -10 -9 ------- Run | Yrd Mat Min Mat Peak Influence 204 | . . . 204 Initial . | . . . . Average 75 | . . . 98 Maximum Alert Level 1 | . . . 1 Low Security (%) 99 | 100 100 100 99 Level 1 . | . . . . Level 2 . | . . . . Level 3 . | . . . . Level 4 . | . . . . Level 5 . | . . . . High Security . | . . . . Max Security . | . . . . Squads Dispatched 1 | . . . 1 Investigation 1 | . . . 1 Extermination . | . . . . Reinforcement . | . . . . Assault . | . . . . Garrison . | . . . . Intercept . | . . . . Searches Triggered . | . . . . Construction Impeded . | . . . . Haulers Reinforced . | . . . . Active Scanning Responses . | . . . . Cargo Convoy Interrupts . | . . . . Stealth | -11 -10 -10 -9 --------- Run | Yrd Mat Min Mat Distress Signals 4 | . . . 4 Communications Jammed . | . . . . Distress Signals . | . . . . Times Spotted 29 | . 1 4 24 Peak Tracking Total 6 | . 1 4 6 Tactical Retreats 5 | . . 1 4 Traps | -11 -10 -10 -9 ------- Run | Yrd Mat Min Mat Traps Triggered 1 | . . . 1 Indirectly . | . . . . Trap Hack Attempts . | . . . . Triggered . | . . . . Disarmed . | . . . . Reprogrammed . | . . . . Reused . | . . . . Traps Extracted . | . . . . Installed . | . . . . Triggered . | . . . . Machines | -11 -10 -10 -9 ---------- Run | Yrd Mat Min Mat Machines Disabled . | . . . . Max in Single Turn . | . . . . Machines Repaired . | . . . . Machines Dismantled . | . . . . Machines Sabotaged . | . . . . Overloaded Fab Kills . | . . . . Hacking | -11 -10 -10 -9 --------- Run | Yrd Mat Min Mat Machines Accessed 7 | . 1 . 6 Terminals 5 | . 1 . 4 Fabricators . | . . . . Repair Stations . | . . . . Recycling Units 1 | . . . 1 Scanalyzers 1 | . . . 1 Garrison Access . | . . . . Total Hacks 13 | . 2 . 11 Successful 6 | . . . 6 Failed 7 | . 2 . 5 Catastrophic . | . . . . Database Lockouts . | . . . . Manual 8 | . 2 . 6 Terminals 8 | . 2 . 6 Fabricators . | . . . . Repair Stations . | . . . . Recycling Units 3 | . . . 3 Scanalyzers 2 | . . . 2 Garrison Access . | . . . . Terminal Hacks . | . . . . Fabricator Hacks . | . . . . Repair Station Hacks . | . . . . Recycling Unit Hacks 1 | . . . 1 Retrieve Components 1 | . . . 1 Scanalyzer 2 | . . . 2 Insert Component 1 | . . . 1 Analyze 1 | . . . 1 Garrison Access Hacks . | . . . . Unauthorized Hacks 3 | . . . 3 Terminals 3 | . . . 3 Botnet 3 | . . . 3 Fabricators . | . . . . Repair Stations . | . . . . Recycling Units . | . . . . Scanalyzers . | . . . . Garrison Access . | . . . . Data Cores Recovered . | . . . . Used . | . . . . Hacking Detections 4 | . 1 . 3 Full Trace Events . | . . . . Feedback Events . | . . . . Feedback Blocked . | . . . . Robot Schematics Acquired . | . . . . Robots Built . | . . . . Authchips . | . . . . Time . | . . . . Total Robot Build Rating . | . . . . Part Schematics Acquired 1 | . . . 1 Parts Built . | . . . . Authchips . | . . . . Time . | . . . . Total Part Build Rating . | . . . . Parts Repaired . | . . . . Time . | . . . . Parts Recycled . | . . . . Recycled Matter . | . . . . Retrieved Matter . | . . . . Retrieved Components 10 | . . . 10 Parts Scanalyzed 1 | . . . 1 Part Schematics Acquired 1 | . . . 1 Parts Damaged . | . . . . Bothacking | -11 -10 -10 -9 ------------ Run | Yrd Mat Min Mat Used RIF Installer . | . . . . Robots Hacked . | . . . . Non-combat . | . . . . Combat . | . . . . Robot Hacks Applied . | . . . . Relay Couplers Released . | . . . . Fabnet Peak Effective % . | . . . . Robots Rewired . | . . . . Allies Hacked . | . . . . Hacks Repelled . | . . . . Allies | -11 -10 -10 -9 -------- Run | Yrd Mat Min Mat Total Allies . | . . . . Largest Group . | . . . . Highest-Rated Group . | . . . . Highest-Rated Ally . | . . . . Total Orders . | . . . . Ally Attacks . | . . . . Total Damage . | . . . . Kills . | . . . . Allies Corrupted . | . . . . Allies Melted 1 | . . 1 . Intel | -11 -10 -10 -9 ------- Run | Yrd Mat Min Mat Robot Analysis Total . | . . . . Derelict Logs Recovered 1 | . . 1 . Drone Launches . | . . . . Drone Recoveries . | . . . . Exploration | -11 -10 -10 -9 ------------- Run | Yrd Mat Min Mat Turns Passed 1137 | 61 105 94 877 Spaces Moved 576 | 43 81 71 381 Core 17 | 7 . . 10 Treads . | . . . . Legs 559 | 36 81 71 371 Wheels . | . . . . Hover . | . . . . Flight . | . . . . Fastest Speed 50 | 50 120 120 100 Average Speed 155 | 108 120 120 175 Slowest Speed 250 | 120 120 120 250 Overloaded Moves . | . . . . Propulsion Burnouts . | . . . . Robots Hopped . | . . . . Cave-ins Triggered . | . . . . Exploration Rate (%) 24 | 4 23 29 43 Regions Visited 3 Branch Regions 1 Pre-discovered Areas . | . . . . Known Exits Taken . | . . . . Unknown Exits Taken 3 | 1 1 1 . Scrap Searched 1 | . . 1 . Spaces Dug . | . . . . Terrain Destroyed 28 | . . . 28 Melee . | . . . . Projectile . | . . . . AOE 28 | . . . 28 Terrain Rammed . | . . . . Walls Destroyed . | . . . . Machines Disabled . | . . . . Actions | -11 -10 -10 -9 --------- Run | Yrd Mat Min Mat Total 722 | 57 85 76 504 Wait 35 | . . . 35 Move 573 | 42 80 70 381 Hop . | . . . . Pick Up 32 | 8 3 3 18 Fast Attach . | . . . . Attach 19 | 6 . . 13 Detach . | . . . . Swap 7 | 1 . . 6 Drop 6 | . . 1 5 Fire 12 | . 2 2 8 Melee 38 | . . . 38 Ram . | . . . . Kick . | . . . . Crush . | . . . . Escape Stasis . | . . . . Rewire . | . . . . Trap . | . . . . Miscellaneous . | . . . . Route ------- -11/Scrapyard -10/Materials -10/Mines -9/Materials (discovered 1 exit: [*Min]) History --------- Turn | Location | Event 6 | -11/Scrapyard | Discovered new exit (range 16) 62 | -11/Scrapyard | Entered Materials 139 | -10/Materials | Discovered new exit (range 16) 167 | -10/Materials | Entered Mines 168 | -10/Mines | Assembled infested the area 172 | -10/Mines | Learned Materials terminal intel 173 | -10/Mines | Assisted by a Guerilla fighting off Assembled 245 | -10/Mines | Discovered new exit (range 10) 252 | -10/Mines | Received a Rocket Launcher from a helpful Derelict 261 | -10/Mines | Entered Materials 261 | -9/Materials | Evolved 2 slots: Utility x2 262 | -9/Materials | Loaded intel: 12 terminal locations 300 | -9/Materials | Build established: Mutant 356 | -9/Materials | Lost 3 parts (1p1n1w) 636 | -9/Materials | Core integrity fell below 50% 656 | -9/Materials | Lost 3 parts (1p2n) 1064 | -9/Materials | Core integrity fell below 20% 1110 | -9/Materials | Discovered new exit (range 11) 1138 | -9/Materials | Destroyed by B-36 Bruiser with Hammer Last Messages --------------- 01118_ Destroyed Lgt. Ion Engine. 01124_ Connecting with Recycling Unit... >>Retrieve(Components) Retrieving 10 components... Med. Storage Unit Hcp. Storage Unit Mining Claw Hvy. Assault Rifle Corrupted Sml. Storage Unit Med. Matter Pod Mining Claw Hvy. Assault Rifle Hcp. Storage Unit Mining Claw 01124_ Identified Imp. Medium Laser. 01124_ Faulty integration triggers meltdown. 01124_ Lgt. Ion Engine damaged (-3). 01125_ Acquired Mining Claw. 01130_ Lgt. Ion Engine destroyed. 01132_ G-34 Mercenary destroyed. Map ----- +----------------------------------------------------+ | ????????????????## """ # | | ????????????????## %""" # | | ????????????????###/####### #+######## #####+## | | ????????????????###%####### # ## # | | ????????????####### ##???## # " ## + | | ????????????# "T" ###### #""" ## ## """ " | | ????????????# + # #"" ## ## """ " | | ????????????# # # #""" %+ ## """ " | | ????????????# # # # "" ## ## | | ????????????# # # #""" ## ## | | "???????????# + # #""" ## ######### | | "???????????# # # #""" ## ######### | | ????????????# + # # " ## ##??????# | | ????????????# # # # ##/##??????# | | ????????????# """ # # ########## ""??????# | | ????????? """ ###### ########## "???????# | | ??????????? """ #????????? "???????# | | ?????????? """ #????????? ????????# | | ?????????? """ #????????? ????????# | | ????????? "" #????"! "# ???????# | | ???????? T" ##" "##+???????# | | ?????????######## "" ???????? | | ????????????????# < ?????????? | | ????????????????# % ?????????? | | ????????????????# ##b####### #?????????? | | ????????????????# ###!r@ ! #???######??????????? | | ????????????????# ??# /!/ #???????????????????? | | ????????????????# ??#%[ "" #???????????????????? | | ????????????????# ??# ![Y" #???????????????????? | | ????????????????# ??# !"" +???????????????????? | | "T"""???????????# ??# ] #???????????????????? | | ????????????????#? ???########???????????????????? | | ?????????????????????????????????????????????????? | | ?????????????????????????????????????????????????? | | ?????????????????????????????????????????????????? | | ?????????????????????????????????????????????????? | | ?????????????????????????????????????????????????? | | ?????????????????????????????????????????????????? | | ?????????????????????????????????????????????????? | | ?????????????????????????????????????????????????? | | ?????????????????????????????????????????????????? | | ?????????????????????????????????????????????????? | | ?????????????????????????????????????????????????? | | ???????"?????????????????????????????????????????? | | ???????T?????????????????????????????????????????? | | ???????"?????????????????????????????????????????? | | ?????????????????????????????????????????????????? | | ?????????????????????????????????????????????????? | | ?????????????????????????????????????????????????? | | ?????????????????????????????????????????????????? | +----------------------------------------------------+ Best States ------------- Heat Dissipation 28 Energy Generation 10 Energy Capacity 250 Matter Stores 300 Matter Capacity 300 Sight Range 16 Terrain Scan Density 10 Additional Mass Support 6 Armor Coverage 150 Evasion (%) 55 Item Schematics ----------------- Flexi-carbon Leg | -9/Materials | Scanalyzed Robot Schematics ------------------ None Fabricated ------------ Nothing Alien Tech Used ----------------- None Achievements -------------- None Challenges ------------ None Game ------ Seed ReflectiveConstructShifter Manual? 0 Play Time 00:11:44 Cumulative 20.8 hours Start 2024.03.31 @ 18:14:14 End 2024.03.31 @ 18:23:22 Sessions 1 Manual Loads 0 Difficulty Rogue Special Mode None Game No. 58 Rogue 56 Adventurer 2 Explorer 0 Win Type - Total 0 Types 0/0/0/0/0/0/0/0/0 Lore% 20 Gallery% 33 Achievement% 23 Wizard Run 0 Options --------- Layout 1 ASCII 0 Keyboard 0 Movement Arrows Keybinds 0 Fullscreen 2 Font 24/Smallcaps Map View 50x35 Zoom Use 0% Tactical HUD 1 Map Filters NONE Filters NONE Steam 1 RUN: 45d693fd-c16f-4ab3-9e41-b839e208cbd4